 Dungeon Crawl Stone Soup version 0.21-a0-241-g2cbab09 (webtiles) character file.

142 Pippin the Chiller (level 5, -9/37 HPs)
             Began as a Mummy Wanderer on Sept 3, 2017.
             Mangled by Sigmund
             ... wielding a +0 scythe
              (13 damage)
             ... on level 2 of the Dungeon.
             The game lasted 00:12:13 (8139 turns).

Pippin the Chiller (Mummy Wanderer)                 Turns: 8139, Time: 00:12:13

Health: -9/37      AC:  4    Str: 14    XL:     5   Next: 4%
Magic:  0/8        EV: 11    Int: 14    God:
Gold:   114        SH:  0    Dex: 11    Spells: 4/8 levels left

rFire    x . .     SeeInvis +   a - +2 dagger
rCold    + . .     Gourm    .   (no shield)
rNeg     + + +     Faith    .   o - +1 animal skin
rPois    ∞         Spirit   .   p - +0 helmet
rElec    .         Reflect  .   (no cloak)
rCorr    .         Harm     .   (no gloves)
MR       .....                  (no boots)
Stlth    +.........             (no amulet)
HPRegen  0.12/turn              i - ring of see invisible
MPRegen  0.11/turn              j - ring of wizardry

@: no status effects
A: no food or potions, fire vulnerability, cold resistance 1, negative energy
resistance 3, torment resistance, unbreathing
a: no special abilities


You were on level 2 of the Dungeon.
You were not hungry.

You visited 1 branch of the dungeon, and saw 2 of its levels.

You collected 114 gold pieces.

Inventory:

Hand Weapons
 a - a +2 dagger (weapon)
 h - a +0 whip
Armour
 k - +0 fire dragon scales
 o - a +1 animal skin (worn)
 p - a +0 helmet (worn)
Jewellery
 g - an uncursed ring of stealth
 i - a ring of see invisible (left hand)
 j - a ring of wizardry (right hand)
Wands
 d - a wand of random effects (15/48)
Scrolls
 b - a scroll of fear
 e - a scroll of teleportation {unknown}
 f - a scroll of enchant weapon {unknown}
 l - a scroll of amnesia {unknown}
 m - a scroll of enchant armour {unknown}
 n - a scroll of remove curse {unknown}
Books
 c - the Guide on Snow

   Spells                             Type                      Level
   a - Throw Frost                    Conjuration/Ice              2
   b - Ensorcelled Hibernation        Hexes/Ice                    2


   Skills:
 - Level 1.0 Fighting
 - Level 1.6 Maces & Flails
 - Level 1.5 Armour
 - Level 1.0 Stealth
 - Level 2.1 Spellcasting
 - Level 2.0 Conjurations
   Level 1.5 Summonings
 + Level 2.8 Ice Magic
 - Level 1.0 Evocations


You had 4 spell levels left.
You knew the following spells:

 Your Spells              Type           Power        Failure   Level  Hunger
a - Throw Frost           Conj/Ice       #.....       5%          2    N/A
b - Ensorcelled Hibernat  Hex/Ice        #.....       9%          2    N/A

Dungeon Overview and Level Annotations

Branches:
Dungeon (2/15)

Altars:
Elyvilon
Okawaru
Uskayaw
The Shining One

Annotations:
D:2 Sigmund


Innate Abilities, Weirdness & Mutations

You do not eat or drink.
Your flesh is vulnerable to fire.
You are immune to poison.
Your flesh is cold resistant. (rC+)
You are immune to negative energy. (rN+++)
You are immune to unholy pain and torment.
You can survive without breathing.


Message History

Aiming: Throw Frost
Press: ? - help, Shift-Dir - straight line, f/p - Sigmund
Aim: Sigmund, wielding a scythe and wearing a glowing robe (severely wounded, slightly transparent)
The puff of frost hits Sigmund.
Sigmund appears unharmed.
Sigmund is severely wounded.
Sigmund barely misses you.
You barely miss Sigmund.
Sigmund is severely wounded.
Sigmund points at you and mumbles some strange words.
The puff of flame hits you! The fire burns you terribly!
You barely miss Sigmund.
Sigmund is severely wounded.
Sigmund points at you and mumbles some strange words.
The puff of flame hits you! The fire burns you terribly!
* * * LOW HITPOINT WARNING * * *
You can't drink.
You barely miss Sigmund.
Sigmund is severely wounded.
Sigmund hits you with a scythe!
You die...

***,*** ******* *,*
**,,,,,** ♣♣.....## *,*
*,,,,,,,*♣♣.......##*,#
,,,≈≈≈,(,♣...≈≈≈...#*.#
,,≈≈≈≈≈,,...≈≈≈≈≈..##.#
,,≈≈_≈≈,,..)≈≈♣≈≈.....*
,,≈≈≈≈≈,,...≈≈≈≈≈...#**
,,,≈≈≈,,,♣...≈≈≈....#
*,,,,,,,**♣....@@...#
**,,,,,** ♣♣.....##.#
***,*** ♣♣######.# ***
#.# #.# ######## ##.##
#...#..# #...# #
#...#..# #.#.#
####...#..# #...#


You could see Sigmund (invisible).

Vanquished Creatures
  Robin (D:2)
  3 adders
  4 oozes
  A worm (D:2)
  A dart slug (D:1)
  4 leopard geckos (D:1)
  A ball python (D:1)
  9 bats
  5 giant cockroaches
  10 hobgoblins
  7 jackals
  A quokka (D:2)
  6 frilled lizards (D:1)
  9 goblins
  6 kobolds
  5 rats (D:1)
73 creatures vanquished.

Notes
Turn   | Place    | Note
-------+----------+-------------------------------------------
     0 | D:1      | Pippin the Mummy Wanderer began the quest for the Orb.
     0 | D:1      | Pippin set off with: a +2 dagger, a scroll of fear, the Guide on Snow, a wand of random effects (15/48), a +0 robe
     0 | D:1      | Reached XP level 1. HP: 15/15 MP: 1/1
     0 | D:1      | Identified the Guide on Snow
   151 | D:1      | Reached skill level 1 in Spellcasting
   245 | D:1      | Reached XP level 2. HP: 21/21 MP: 5/5
   249 | D:1      | Learned a level 2 spell: Throw Frost
   386 | D:1      | Reached skill level 1 in Ice Magic
   503 | D:1      | Reached XP level 3. HP: 13/26 MP: 2/6
  6084 | D:1      | Noticed a catoblepas
  6131 | D:1      | Noticed a manticore
  6144 | D:2      | Reached XP level 4. HP: 23/32 MP: 1/7
  6264 | D:2      | Learned a level 2 spell: Ensorcelled Hibernation
  6278 | D:2      | Noticed Sigmund
  6367 | D:2      | Noticed Robin
  6394 | D:2      | Killed Robin
  6790 | D:2      | Found a white marble altar of Elyvilon.
  6838 | D:2      | Found an iron altar of Okawaru.
  6865 | D:2      | Noticed a hand axe
  6865 | D:2      | Noticed a dagger
  6867 | D:2      | Found a hide-covered altar of Uskayaw.
  7645 | D:2      | Found a glowing golden altar of the Shining One.
  7769 | D:2      | Reached XP level 5. HP: 37/37 MP: 1/8
  8003 | D:2      | Found an iron altar of Okawaru.
  8015 | D:2      | Found a hide-covered altar of Uskayaw.
  8065 | D:2      | Found a glowing golden altar of the Shining One.
  8139 | D:2      | Mangled by Sigmund

Vault maps used:
D:1:      dpeg_arrival_stone_temple_mockup, kennysheep_boxes
D:2:      overflow_temple_1_default, elyvilon_altar_3,
          nicolae_tso_swordbearing_angel, dancing_weapons_uskayaw, uniq_sigmund,
          uniq_robin

Skill      XL: |  1  2  3  4 |
---------------+-------------+-----
Spellcasting   | 2 |  2.1
Ice Magic      | 1 2 |  2.8
Conjurations   | 2 |  2.0
Fighting       | |  1.0
Maces & Flails | |  1.6
Armour         | |  1.5
Stealth        | |  1.0
Summonings     | |  1.5
Evocations     | |  1.0

Action                   |  1- 3 |  4- 6 || total
-------------------------+-------+-------++-------
Melee: Dagger            |   102 |   112 ||   214
 Cast: Throw Frost       |    20 |    33 ||    53
 Stab: Sleeping          |     3 |     2 ||     5
Armor: Robe              |    14 |    18 ||    32
       Animal skin       |       |     5 ||     5
Dodge: Dodged            |    61 |    64 ||   125

Table legend:
 A = Spawn XP
 B = Non-spawn XP
 C = Spawn XP percentage of total XP
 D = Spawn monster count
 E = Non-spawn monster count
 F = Spawn count percentage of total count
 G = Total turns spent on level
                    A         B        C        D         E        F      G
               +---------+---------+-------+---------+---------+-------+---------
         Total |      73 |     131 |  35.8 |      23 |      50 |  31.5 |  8139
               +---------+---------+-------+---------+---------+-------+---------
           D:1 |      40 |      50 |  44.4 |      14 |      25 |  35.9 |  6134
           D:2 |      33 |      81 |  28.9 |       9 |      25 |  26.5 |  2005
               +---------+---------+-------+---------+---------+-------+---------
